Unix NetHack Version 5.0.0-0 post-release - last build Jun 10 2026 00:39:30 (3ee93aec679c4c4259841fe613dc97188e26a321,branch:main).

Game began 2026-07-05 23:05:42, ended 2026-07-06 00:26:48.

IceCreamJones, chaotic female human Wizard

                                                                         -----
                                                           ------        |...|
 ---------       --------              -------+-------     |....|        |..^|
 |.......|       |.*....-#             |......`......|     |.....########..>.|
 |.......|   ####....._*|#             |.............|     |....|        -----
 |...<...|   #   ----*---#             |.............|     -|----
 ----.----   #       #   *             -----.------.--     #%
     ###     #           *#      ###################       #
       ####  #            * ######              #          #
  --------.- #            #-%-------------      *       ##*##
  |........|##           ##|.............-##########       ########
  |........|#             #|.............|    ---.-#######-[------|-----
  |........|#             #.....*(.......|    |...|      a@............|
  |........|#              .............[|    |...|       |............|
  |.........#              |.............|    |....####%##-.....(......|
  ----------               ---------------    |...|       |............|
                                              -----       --------------

IceCreamJones the Thaumaturge  St:14 Dx:15 Co:16 In:18 Wi:11 Ch:9  Chaotic
Dlvl:7  $:0  HP:0(64) Pw:99(99) AC:0  Xp:8 T:8233  Burdened

Latest messages:
 The ape bites!
 You hit the ape!
 The ape hits!
 The ape hits again!
 The ape misses!
 You hit the ape!
 The ape misses!
 The ape just misses!
 The ape misses!
 The magic-absorbing blade scares the ape!
 You kill the ape!
 You see here an ape corpse.
 Your housecat eats an ape corpse.
 What do you want to use or apply? [cipruwyz or ?*]
 You produce a high whistling sound.
 You climb up the stairs.
 You remember this level as stash.
 You stop.  Your housecat is in the way!
 You swap places with your housecat.
 The killer bee stings!
 You miss the killer bee.
 The killer bee misses!
 You miss the killer bee.
 The magic-absorbing blade scares the killer bee!
 You kill the killer bee!
 You see here a killer bee corpse.
 The soldier ant misses!
 The soldier ant stings!
 The magic-absorbing blade cancels the soldier ant!
 The soldier ant bites!
 The soldier ant stings!
 The soldier ant misses!
 The soldier ant stings!
 You hit the soldier ant!
 The soldier ant bites!
 The soldier ant stings!
 The magic-absorbing blade scares the soldier ant!
 The soldier ant is confused.
 You kill the soldier ant!
 The soldier ant bites!
 The soldier ant stings!
 You hit the soldier ant!
 The soldier ant bites!
 The soldier ant stings!
 You die...
 Do you want your possessions identified? [ynq] (y)
 Do you want to see your attributes? [ynq] (y)
 Do you want an account of creatures vanquished? [ynaq] (y)
 Do you want to see your conduct and achievements? [ynq] (y)
 Do you want to see the dungeon overview? [ynq] (y)

Inventory:
 Weapons  (')')
  N - 3 poisoned +2 orcish arrows (in quiver)
  K - a blessed +0 dagger
  C - a +0 dagger
  a - the rustproof +1 Magicbane (weapon in right hand)
  P - a blessed +1 quarterstaff
 Armor    ('[')
  l - a blessed +1 orcish helm (being worn)
  v - a blessed +0 pair of kicking boots (being worn)
  b - an uncursed +3 cloak of magic resistance (being worn)
  G - an uncursed +0 studded leather armor (being worn)
 Comestibles  ('%')
  f - 2 uncursed cloves of garlic
  F - an uncursed cram ration
  t - 6 uncursed food rations
  A - a blessed homemade tin of lichen
  q - 6 uncursed lichen corpses
  B - 2 uncursed lizard corpses
 Scrolls  ('?')
  n - an uncursed scroll of identify
 Potions  ('!')
  o - an uncursed potion of blindness
  W - 3 uncursed potions of healing
  Y - a cursed potion of speed
 Rings    ('=')
  d - an uncursed +1 ring of increase damage (on right hand)
  e - an uncursed ring of slow digestion (on left hand)
 Wands    ('/')
  i - a wand of cancellation (0:4)
  p - a wand of make invisible (0:5)
  y - a blessed wand of opening (0:5)
  c - a wand of striking (0:8)
 Tools    ('(')
  r - a cursed lock pick
  z - an uncursed stethoscope
  w - an uncursed tin whistle
  u - a +0 unicorn horn

IceCreamJones the Wizard's attributes:

Background:
 You were a Thaumaturge, a level 8 female human Wizard.
 You were chaotic, on a mission for Anhur
 who was opposed by Ptah (lawful) and Thoth (neutral).
 You were right-handed.
 You were in the Dungeons of Doom, on level 7.
 You entered the dungeon 8233 turns ago.
 It was the midnight hour.
 You had 1611 experience points, 949 more were needed to attain level 9.

Basics:
 You had 0 out of 64 hit points.
 You had all 99 energy points (spell power).
 Your armor class was 0.
 Your wallet was empty.
 Autopickup was off.

Final Characteristics:
 Your strength was 14 (limit:18/100).
 Your dexterity was 15 (limit:18).
 Your constitution was 16 (limit:18).
 Your intelligence was 18 (limit:18).
 Your wisdom was 11 (limit:18).
 Your charisma was 9 (limit:18).

Final Status:
 You weren't hungry.
 You were burdened; movement was slightly slowed.
 You were wielding a dagger.
 You had basic skill with dagger.

Final Attributes:
 You were piously aligned.
 You were magic-protected.
 You were poison resistant.
 You were telepathic.
 You had slower digestion.
 You had a small damage bonus (+1).
 You were warded.
 You were fast.
 You are dead.

Miscellaneous:
 You didn't encounter any bones levels.
 Total elapsed playing time was 1 hour, 21 minutes and 5 seconds.

Major events:
 Turn
    1: IceCreamJones the chaotic female human Wizard entered the dungeon
 1091: attained the rank of Conjurer (level 3)
 1704: entered the Gnomish Mines
 4417: attained the rank of Thaumaturge (level 6)
 6938: was bestowed with Magicbane by Anhur
 8233: killed by a soldier ant

Spells:
 Name                 Level Category     Fail Retention
 force bolt             1   attack         4%   56%-60%
 create monster         2   clerical      68%   51%-75%
 detect monsters        1   divination     4%   51%-75%
 detect food            2   divination    68%   51%-75%

Skills:
 Fighting Skills
   bare handed combat [Unskilled]
   riding             [Unskilled]
 Weapon Skills
   dagger             [Basic]
   knife              [Unskilled]
   axe                [Unskilled]
   short sword        [Unskilled]
   club               [Unskilled]
   mace               [Unskilled]
   quarterstaff       [Skilled]
   polearms           [Unskilled]
   spear              [Unskilled]
   trident            [Unskilled]
   sling              [Unskilled]
   dart               [Unskilled]
   shuriken           [Unskilled]
 Spellcasting Skills
   attack spells      [Skilled]
   healing spells     [Unskilled]
   divination spells  [Unskilled]
   enchantment spells [Basic]
   clerical spells    [Unskilled]
   escape spells      [Unskilled]
   matter spells      [Unskilled]

Voluntary challenges:
 Character rerolling was not enabled.
 You never genocided any monsters.
 You never polymorphed an object.
 You never changed form.
 You used no wishes.
Achievements:
 You attained the rank of Conjurer.
 You entered the Gnomish Mines.
 You attained the rank of Thaumaturge.

 The Dungeons of Doom: levels 1 to 8
    Level 1: "SCM"
       A fountain.
    Level 2:
       A fountain.
    Level 3: "library"
       A fountain, many trees.
    Level 4:
       Some fountains.
       Stairs down to The Gnomish Mines.
    Level 5:
       Some fountains.
    Level 6: "SCM"
    Level 7: "stash" <- You were here.
       An altar to Anhur.
       Final resting place for
          you, killed by a soldier ant.
    Level 8:
 The Gnomish Mines:
    Level 5:


Vanquished creatures:
  a large cat
  a tengu
 an elf mummy
  a quivering blob
  2 leprechauns
  a gnome ruler
  a gold golem
  a Green-elf
  3 lizards
  a dog
  a housecat
  2 dwarf leaders
  a white unicorn
  2 gray unicorns
  4 dust vortices
  4 apes
  a human zombie
  a soldier ant
  3 fire ants
 an imp
  a water nymph
  2 mountain nymphs
  3 Uruk-hai
  a rock mole
  2 fog clouds
  a yellow light
  a shrieker
  a violet fungus
  a kobold mummy
  a golden naga hatchling
  4 elf zombies
  a straw golem
  2 paper golems
  7 giant ants
  a little dog
  2 floating eyes
  a dwarf
  a kobold shaman
  2 hill orcs
  a rothe
  2 rabid rats
  a centipede
  3 giant bats
  a monkey
  5 orc zombies
  4 wererats
  3 iguanas
  5 killer bees
 an acid blob
  2 hobbits
  a manes
  2 giant rats
  2 yellow molds
  a green mold
  3 red molds
  3 gnome zombies
  8 geckos
  6 jackals
  3 foxes
  a kobold
  3 goblins
  4 sewer rats
  8 grid bugs
  9 lichens
  2 kobold zombies
 10 newts
162 creatures vanquished.

No species were genocided or became extinct.

Game over:
                       ----------
                      /          \
                     /    REST    \
                    /      IN      \
                   /     PEACE      \
                  /                  \
                  |  IceCreamJones   |
                  |       0 Au       |
                  |   killed by a    |
                  |   soldier ant    |
                  |                  |
                  |                  |
                  |       2026       |
                 *|     *  *  *      | *
        _________)/\\_//(\/(/\)/\//\/|_)_______

Goodbye IceCreamJones the Wizard...

You died in The Dungeons of Doom on dungeon level 7 with 6894 points,
and 0 pieces of gold, after 8233 moves.
You were level 8 with a maximum of 64 hit points when you died.

